 Dungeon Crawl Stone Soup version 0.15-a0-16-g55057a3 (webtiles) character file.

9676 HenryFlower the Carver (level 11, -4/70 HPs)
             Began as a High Elf Air Elementalist on Mar 30, 2014.
             Was an Elder of Vehumet.
             Killed from afar by a centaur (12 damage)
             ... with a wand of cold
             ... on Level 10 of the Dungeon.
             The game lasted 00:51:20 (17782 turns).

HenryFlower the Carver (High Elf Air Elementalist) Turns: 17782, Time: 00:51:20

HP  -4/70        AC  9     Str 12      XL: 11   Next: 23%
MP   4/29        EV 18     Int 24      God: Vehumet [****..]
Gold 232         SH  0     Dex 18      Spells:  9 memorised,  3 levels left

rFire  . . .     SeeInvis .     a - +3,+1 scimitar
rCold  . . .     Clarity  .     w - +1 leather armour
rNeg   + . .     Conserve .     (no shield)
rPois  +         rCorr    .     (no helmet)
rElec  .         rRot     .     q - +1 cloak {rPois}
SustAb . .       Spirit   .     j - +0 pair of gloves
rMut   .         Warding  +     B - +1 pair of boots
Saprov . . .     Stasis   .     v - amulet of warding
MR     +....                    i - cursed ring of flight
                                t - +3 ring of intelligence

@: repel missiles, mighty, somewhat resistant to hostile enchantments, fairly
stealthy
A: no striking features
a: Renounce Religion, Evoke Flight


You were on level 10 of the Dungeon.
You worshipped Vehumet.
Vehumet was greatly pleased with you.
You were not hungry.

You visited 2 branches of the dungeon, and saw 11 of its levels.

You collected 434 gold pieces.
You spent 202 gold pieces at shops.

Inventory:

Hand weapons
 a - a +3,+1 scimitar (weapon)
 k - a +3,+1 bow of frost
 r - a +0,+2 dagger of freezing
 C - a +3,+2 dagger of venom
 O - a +2 blowgun
Missiles
 d - 26 darts (quivered)
 g - 4 darts of dispersal
 n - 20 poisoned needles
Armour
 j - a +0 pair of gloves (worn)
 q - a +1 cloak of poison resistance (worn)
 w - a +1 leather armour (worn)
 B - a +1 pair of boots (worn)
Magical devices
 f - a wand of magic darts (9)
 p - a wand of fireball (4)
Comestibles
 D - 3 grapes
 G - 2 meat rations
 J - 18 cheeses
 N - a chunk of giant frog flesh
 P - a choko
 Q - a beef jerky
Scrolls
 y - 3 scrolls of amnesia
 E - a scroll of remove curse
 F - a scroll of recharging
 H - 2 scrolls of magic mapping
 I - 2 scrolls of fog
 M - a scroll of identify
Jewellery
 i - a cursed ring of flight (right hand)
 l - a +1 ring of strength {unknown}
 m - an uncursed ring of invisibility
 t - a +3 ring of intelligence (left hand)
 v - an amulet of warding (around neck)
Potions
 o - 3 potions of restore abilities
 s - a potion of lignification
 x - a potion of agility
 z - 4 potions of curing
 A - a potion of heal wounds
Books
 b - a book of Air

   Spells                             Type                      Level
   *Shock                             Conjuration/Air              1
   *Swiftness                         Charms/Air                   2
   *Repel Missiles                    Charms/Air                   2
   Flight                             Charms/Air                   3
   *Static Discharge                  Conjuration/Air              3
   *Lightning Bolt                    Conjuration/Air              5
 u - a book of Flames

   Spells                             Type                      Level
   Flame Tongue                       Conjuration/Fire             1
   Throw Flame                        Conjuration/Fire             2
   Conjure Flame                      Conjuration/Fire             3
   Inner Flame                        Hexes/Fire                   3
   Sticky Flame                       Conjuration/Fire             4
   Fireball                           Conjuration/Fire             5
 L - a book of Minor Magic

   Spells                             Type                      Level
   *Magic Dart                        Conjuration                  1
   Blink                              Translocation                2
   Call Imp                           Summoning                    2
   *Repel Missiles                    Charms/Air                   2
   Slow                               Hexes                        2
   Conjure Flame                      Conjuration/Fire             3
   *Mephitic Cloud                    Conjuration/Poison/Air       3
Magical staves
 e - an uncursed staff of fire
 h - an uncursed staff of death


   Skills:
 + Level 4.4 Fighting
 + Level 10.0 Long Blades
 + Level 9.8 Dodging
 - Level 2.1 Stealth
 + Level 7.6 Spellcasting
 - Level 5.6 Conjurations
 - Level 2.6 Charms
 - Level 3.0 Ice Magic
 - Level 9.8 Air Magic


You had 3 spell levels left.
You knew the following spells:

 Your Spells              Type           Power        Failure   Level  Hunger
a - Shock                 Conj/Air       ####         1%          1    None
b - Swiftness             Chrm/Air       #####...     1%          2    None
c - Static Discharge      Conj/Air       #####...     1%          3    None
d - Repel Missiles        Chrm/Air       #####.       1%          2    None
e - Freeze                Ice            ###.         1%          1    None
f - Magic Dart            Conj           ####         1%          1    None
g - Lightning Bolt        Conj/Air       #####.....   2%          5    ####...
h - Throw Icicle          Conj/Ice       ####....     4%          4    ###....
i - Mephitic Cloud        Conj/Pois/Air  ####....     1%          3    None


Dungeon Overview and Level Annotations

Branches:
Dungeon (10/15)            Temple (1/1) D:4
    Orc: D:9-12        Lair: D:8-11

Altars:
Ashenzari
Cheibriados
Dithmenos
Elyvilon
Fedhas
Kikubaaqudgha
Makhleb
Nemelex Xobeh
Okawaru
Sif Muna
Trog
Vehumet
Xom
Yredelemnul
Zin
The Shining One

Shops:
D:4 ?   D:5 %   D:6 (=:*   D:7 !   D:8 [


Message History

Reactivating autopickup.
Your Long Blades skill increases to level 10!
You feel a bit more experienced. The centaur closely misses you.
The centaur zaps a wand.
The bolt of cold hits you!
One of your 2 potions of heal wounds freezes and shatters!
* * * LOW HITPOINT WARNING * * *
Things that are here:
an arrow; a glowing dagger; a robe; a yak corpse You slash the centaur!
The centaur is severely wounded.
The centaur drinks a potion.
The centaur is healed!
You slice the centaur!!
The centaur is severely wounded.
The centaur zaps a wand.
The bolt of cold hits you!
* * * LOW HITPOINT WARNING * * *
You closely miss the centaur.
The centaur is severely wounded.
The centaur misses you.
The centaur zaps a wand.
The bolt of cold hits you!
You die...

#....(.........# #.##.....
#....(..#......###.#...#.#
#.......#..........#..##.#
#?).....#.......##.#.....#
########.......#.......#####.#...
....................>............
...#############.#.###########.#.
...####### #)#.# #.#. .........#
#@#.# #.#. .........# #c#.# #..<
.5.......# #.#.# #### ##.......#
#%# ######### #.# #.. ##. . ..


You could see a centaur.

Vanquished Creatures
  A centaur warrior (D:10)
  A gargoyle (D:9)
  A two-headed ogre (D:9)
  2 wyverns (D:10)
  2 hungry ghosts
  A deep elf mage (D:10)
  15 yaks
  Eustachio (D:4)
  A hill giant skeleton (D:10)
  A necrophage (D:7)
  2 water moccasins
  2 sky beasts
  3 orc warriors
  2 phantoms
  A black bear (D:7)
  2 crocodiles
  3 ogres
  5 centaurs
  2 big kobolds
  11 giant frogs
  A gnoll sergeant (D:9)
  A cyclops zombie (D:7)
  5 scorpions
  An eye of draining (D:8)
  4 goliath beetles
  4 crimson imps
  2 quasits
  Crazy Yiuf (D:5)
  A centaur skeleton (D:7)
  6 orc priests
  5 hounds
  3 jellies
  4 worker ants
  6 orc wizards
  5 iguanas
  An orange rat (D:9)
  Ijyb (D:4)
  A hound zombie (D:6)
  A crocodile skeleton (D:7)
  An ogre skeleton (D:5)
  16 gnolls
  An orc zombie (D:8)
  13 adders
  4 green rats
  A shadow imp (D:8)
  An inept feature mimic (D:4)
  7 worms
  2 giant eyeballs
  4 giant geckos
  An ooze (D:1)
  29 orcs
  19 bats
  7 giant cockroaches
  18 goblins
  14 hobgoblins
  6 jackals
  A ball python (D:3)
  A ball python skeleton (D:4)
  7 giant newts
  A giant spore (D:9)
  A hobgoblin skeleton (D:4)
  20 kobolds
  An orc skeleton (D:4)
  3 quokkas
  A quokka zombie (D:9)
  28 rats
  3 ballistomycetes (D:9)
  A fungus (D:5)
324 creatures vanquished.

Vanquished Creatures (others)
  Psyche (D:10)
  A yak (D:9)
  A jelly (D:9)
  An orc wizard (D:9)
  A giant spore (D:9)
5 creatures vanquished.

Grand Total: 329 creatures vanquished

Notes
Turn   | Place    | Note
--------------------------------------------------------------
     0 | D:1      | HenryFlower, the High Elf Air Elementalist, began the quest for the Orb.
     0 | D:1      | Reached XP level 1. HP: 11/11 MP: 4/4
   350 | D:1      | Reached XP level 2. HP: 17/17 MP: 4/6
   521 | D:1      | Learned a level 2 spell: Swiftness
   830 | D:1      | Reached skill level 1 in Charms
  1090 | D:1      | Reached XP level 3. HP: 21/21 MP: 6/8
  1310 | D:1      | Learned a level 3 spell: Static Discharge
  1348 | D:2      | Reached skill level 4 in Air Magic
  2013 | D:2      | Found an iron altar of Okawaru.
  2533 | D:3      | Reached XP level 4. HP: 27/27 MP: 9/11
  2647 | D:3      | Noticed a centaur
  2920 | D:2      | Learned a level 2 spell: Repel Missiles
  2951 | D:3      | Killed a centaur
  2951 | D:3      | Reached skill level 5 in Air Magic
  2951 | D:3      | Reached XP level 5. HP: 9/31 MP: 0/14
  3773 | D:3      | Found an ancient bone altar of Kikubaaqudgha.
  4319 | D:3      | Reached skill level 6 in Air Magic
  4648 | D:4      | Found a blossoming altar of Fedhas.
  4648 | D:4      | Noticed an ogre
  4659 | D:4      | Killed an ogre
  4659 | D:4      | Reached XP level 6. HP: 36/36 MP: 9/18
  4718 | D:4      | Found a staircase to the Ecumenical Temple.
  4730 | Temple   | Entered the Ecumenical Temple
  4900 | D:4      | Noticed Ijyb
  4913 | D:4      | Killed Ijyb
  4997 | D:4      | Noticed a phantom
  5005 | D:4      | Noticed Eustachio
  5026 | D:4      | Killed a phantom
  5026 | D:4      | Reached skill level 7 in Air Magic
  5178 | D:4      | Killed Eustachio
  5178 | D:4      | Reached XP level 7. HP: 15/41 MP: 1/20
  5546 | D:4      | Found Pafabai's Magic Scroll Boutique.
  5588 | D:4      | Noticed an ogre
  5596 | D:4      | Killed an ogre
  5596 | D:4      | Reached skill level 8 in Air Magic
  5677 | D:4      | Bought a scroll of identify for 26 gold pieces
  5677 | D:4      | Bought a scroll of identify for 26 gold pieces
  5994 | D:4      | Found a glowing golden altar of the Shining One.
  6262 | D:5      | Entered Level 5 of the Dungeon
  6690 | D:5      | Reached skill level 9 in Air Magic
  6759 | D:5      | Found Piofigiqe's Food Shoppe.
  7228 | D:5      | Found a radiant altar of Vehumet.
  7236 | D:5      | Became a worshipper of Vehumet
  7259 | D:5      | Found a basalt altar of Yredelemnul.
  7340 | D:5      | Reached XP level 8. HP: 40/46 MP: 11/21
  7476 | D:5      | Reached skill level 5 in Dodging
  7956 | D:5      | Noticed Crazy Yiuf
  7971 | D:5      | Killed Crazy Yiuf
  8046 | D:6      | Found Twicvoj's Antique Weapon Shoppe.
  8053 | D:6      | Bought a scimitar for 128 gold pieces
  8058 | D:6      | Found Lohus' Jewellery Shoppe.
  8066 | D:6      | Bought an uncursed amulet of inaccuracy for 22 gold pieces
  8097 | D:6      | Found Wihyal's Book Shop.
  8224 | D:6      | Reached skill level 1 in Long Blades
  8627 | D:6      | Found Edoral's General Store.
  8639 | D:6      | Reached skill level 5 in Conjurations
  9229 | D:6      | Found a shattered altar of Ashenzari.
  9803 | D:7      | Found Frow's Distillery.
 10046 | D:7      | Acquired Vehumet's first power
 10046 | D:7      | Offered knowledge of Freeze by Vehumet.
 10046 | D:7      | Reached XP level 9. HP: 42/51 MP: 12/23
 10125 | D:7      | Learned a level 1 spell: Freeze
 10318 | D:7      | Reached skill level 1 in Ice Magic
 10585 | D:7      | Found a basalt altar of Yredelemnul.
 10899 | D:7      | Reached skill level 5 in Long Blades
 11543 | D:8      | Found Pro Fyuc's Armour Shop.
 12549 | D:8      | Offered knowledge of Magic Dart by Vehumet.
 12553 | D:8      | Learned a level 1 spell: Magic Dart
 13083 | D:9      | Noticed a gargoyle
 13096 | D:9      | Killed a gargoyle
 13096 | D:9      | Reached skill level 5 in Spellcasting
 13241 | D:9      | Reached XP level 10. HP: 18/56 MP: 16/26
 14007 | D:9      | Offered knowledge of Throw Frost by Vehumet.
 14268 | D:9      | Paralysed by a giant eyeball for 3 turns
 14272 | D:9      | Paralysed by a giant eyeball for 3 turns
 14466 | D:9      | Acquired Vehumet's second power
 14766 | D:9      | Reached skill level 1 in Fighting
 15481 | D:9      | Found a bloodstained altar of Trog.
 16212 | D:9      | Learned a level 5 spell: Lightning Bolt
 16331 | D:10     | Entered Level 10 of the Dungeon
 16400 | D:10     | Offered knowledge of Throw Icicle by Vehumet.
 16449 | D:10     | Learned a level 4 spell: Throw Icicle
 16839 | D:10     | Noticed a centaur warrior
 16869 | D:10     | Identified a scroll of acquirement
 17097 | D:10     | Acquired Vehumet's third power
 17235 | D:10     | Learned a level 3 spell: Mephitic Cloud
 17481 | D:10     | Killed a centaur warrior
 17481 | D:10     | Reached XP level 11. HP: 56/69 MP: 29/29
 17700 | D:10     | Offered knowledge of Olgreb's Toxic Radiance by Vehumet.
 17762 | D:10     | Noticed Psyche
 17778 | D:10     | Killed Psyche
 17778 | D:10     | Reached skill level 10 in Long Blades
 17782 | D:10     | Killed from afar by a centaur

Action                   |  1- 3 |  4- 6 |  7- 9 | 10-12 || total
-------------------------+-------+-------+-------+-------++-------
Melee: Dagger            |       |    52 |    97 |       ||   149
       Scimitar          |       |       |   250 |   247 ||   497
Throw: Dart              |     4 |       |       |       ||     4
 Cast: Shock             |    87 |    66 |   202 |   143 ||   498
       Static Discharge  |     1 |    21 |    56 |    50 ||   128
       Repel Missiles    |       |     2 |     1 |       ||     3
       Freeze            |       |       |     6 |     4 ||    10
       Lightning Bolt    |       |       |       |    10 ||    10
Evoke: Wand              |       |       |     1 |       ||     1
  Use: Scroll            |       |    10 |    11 |     6 ||    27
       Potion            |       |     3 |     2 |     3 ||     8
 Stab: Sleeping          |       |     1 |     2 |       ||     3
       Distracted        |       |       |     1 |       ||     1
